 Dungeon Crawl Stone Soup version 0.29.1-13-g9f3cf754e1 (webtiles) character file.

Game seed: 670980937893548552

18620 cdecastro the Skirmisher (level 12, -5/79 HPs)
             Began as a Vampire Enchanter on Jan 21, 2023.
             Was a Follower of Hepliaklqana.
             Slain by a wolf spider simulacrum (26 damage)
             ... on level 14 of the Dungeon.
             The game lasted 00:40:35 (12712 turns).

cdecastro the Skirmisher (Vampire Enchanter)       Turns: 12712, Time: 00:40:36

Health: -5/79      AC: 15    Str:  9    XL:     12   Next: 29%
Magic:  15/15      EV: 14    Int: 22    God:    Hepliaklqana [*.....]
Gold:   727        SH:  5    Dex: 18    Spells: 13/15 levels left

rFire   + + .      SeeInvis +   b - +7 sling of Bankruptcy {flame, rF+ Dex+2}
rCold   . . .      Faith    .   (no shield)
rNeg    . . .      Spirit   .   i - +3 leather armour of the Leaf {Stlth+}
rPois   .          Reflect  +   z - +2 helmet
rElec   .          Harm     .   B - +0 cloak
rCorr   .          Rampage  .   k - +2 pair of gloves
Will    ++...                   Y - +0 pair of boots
Stlth   ++++......              u - amulet of reflection
HPRegen 0.43/turn               Q - ring "Deov" {rF+ Int+3}
MPRegen 0.14/turn               T - ring of willpower

@: about to teleport, healing quickly
A: reduced essence, alive, fangs 3, see invisible, vampiric 2
a: Exsanguinate, Renounce Religion, Recall Ancestor, Ancestor Identity


You were on level 14 of the Dungeon.
You worshipped Hepliaklqana.
Hepliaklqana was aware of your devotion.
You visited 2 branches of the dungeon, and saw 15 of its levels.

You collected 727 gold pieces.

Inventory:

Hand Weapons
 b - the +7 sling of Bankruptcy (weapon) {flame, rF+ Dex+2}
   (You found it on level 2 of the Dungeon)

   Any ammunition fired from it burns those it strikes, dealing additional fire
   damage.
   Dex:       It affects your dexterity (+2).
   rF:        It protects you from fire.
 o - a +3 scimitar of flaming
 H - a +4 vorpal quarterstaff
 R - a +0 arbalest
Missiles
 c - a throwing net
 g - 2 atropa-tipped darts
 j - 25 poisoned darts
 A - 4 javelins
 E - 5 boomerangs
Armour
 i - the +3 leather armour of the Leaf (worn) {Stlth+}
   (You found it on level 6 of the Dungeon)

   Stlth:     It makes you more stealthy.
 k - a +2 pair of gloves (worn)
 z - a +2 helmet (worn)
 B - a +0 cloak (worn)
 X - a +1 buckler of positive energy
 Y - a +0 pair of boots (worn)
Jewellery
 d - a ring of resist corrosion
 u - an amulet of reflection (around neck)
 L - a ring of protection from fire
 P - a ring of magical power
 Q - the ring "Deov" (left hand) {rF+ Int+3}
   (You found it on level 10 of the Dungeon)

   [ring of protection from fire]

   Int:       It affects your intelligence (+3).
   rF:        It protects you from fire.
 T - a ring of willpower (right hand)
Wands
 q - a wand of roots (15)
 y - a wand of flame (49)
 M - a wand of paralysis (19)
Scrolls
 a - a scroll of vulnerability {unknown}
 h - 3 scrolls of fear {unknown}
 m - 6 scrolls of teleportation
 p - 3 scrolls of butterflies {unknown}
 r - 5 scrolls of blinking {unknown}
 w - 4 scrolls of enchant armour {unknown}
 x - 3 scrolls of enchant weapon {unknown}
 C - 2 scrolls of summoning {unknown}
 D - 2 scrolls of poison {unknown}
 F - a scroll of noise {unknown}
 N - a scroll of amnesia {unknown}
 U - a scroll of immolation {unknown}
 V - a scroll of brand weapon {unknown}
 W - a scroll of silence {unknown}
 Z - 2 scrolls of identify
Potions
 e - 3 potions of haste
 f - 3 potions of berserk rage
 l - 6 potions of curing
 n - a potion of mutation
 s - 2 potions of heal wounds
 t - 4 potions of brilliance
 v - a potion of degeneration {unknown}
 G - a potion of resistance
 I - 3 potions of flight
 J - a potion of lignification
 K - 2 potions of attraction
 O - a potion of magic
 S - 2 potions of invisibility


   Skills:
 - Level 6.0 Fighting
 - Level 1.1 Short Blades
 + Level 14.6 Ranged Weapons
 - Level 5.0 Armour
 - Level 5.0 Dodging
 - Level 5.2 Stealth
 - Level 2.0 Spellcasting
 - Level 6.0 Hexes


You had 13 spell levels left.
You knew the following spells:

 Your Spells              Type           Power      Damage    Failure   Level
a - Ensorcelled Hibernat  Hex/Ice        30%        N/A       8%          2

Your spell library contained the following spells:

 Spells                   Type           Power      Damage    Failure   Level
 Confusing Touch          Hex            28%        N/A       4%          3
 Tukima's Dance           Hex            28%        N/A       4%          3
 Dazzling Flash           Conj/Hex       30%        N/A       16%         3
 Inner Flame              Hex/Fire       15%        N/A       16%         3
 Summon Guardian Golem    Hex/Summ       15%        N/A       16%         3
 Apportation              Tloc           4%         N/A       19%         1
 Beastly Appendage        Tmut           4%         N/A       19%         1
 Foxfire                  Conj/Fire      8%         2x1d4     19%         1
 Magic Dart               Conj           8%         1d3       19%         1
 Necrotise                Necr           8%         1d4       19%         1
 Summon Small Mammal      Summ           8%         N/A       19%         1
 Call Imp                 Summ           2%         N/A       26%         2
 Passwall                 Tmut/Erth      1%         N/A       26%         2
 Sublimation of Blood     Necr           2%         N/A       26%         2
 Wereblood                Tmut           2%         N/A       26%         2
 Anguish                  Hex/Necr       7%         N/A       45%         4
 Call Canine Familiar     Summ           2%         N/A       47%         3
 Conjure Flame            Conj/Fire      2%         6-21      47%         3
 Mephitic Cloud           Conj/Pois/Air  2%         N/A       47%         3
 Spider Form              Tmut/Pois      2%         N/A       47%         3
 Swiftness                Air            2%         N/A       47%         3
 Metabolic Englaciation   Hex/Ice        7%         N/A       82%         5
 Flame Wave               Conj/Fire      2%         2d4       87%         4
 Alistair's Intoxication  Tmut/Pois      1%         N/A       99%         5
 Borgnjor's Vile Clutch   Necr/Erth      1%         N/A       99%         5
 Death Channel            Necr           1%         N/A       100%        6
 Eringya's Noxious Bog    Tmut/Pois      1%         N/A       100%        6
 Enfeeble                 Hex            14%        N/A       100%        7
 Summon Hydra             Summ           1%         N/A       100%        7
 Borgnjor's Revivificati  Necr           Unusable   N/A       N/A         8

Dungeon Overview and Level Annotations

Branches:
Dungeon (14/15)            Temple (1/1) D:6            Lair (0/5) D:11
    Orc: D:9-12      Vaults: D:13-14

Altars:
Ashenzari
Cheibriados
Dithmenos
Fedhas
Gozag
Hepliaklqana
Kikubaaqudgha
Makhleb
Nemelex Xobeh
Okawaru
Qazlal
Ru
Sif Muna
Trog
Uskayaw
Vehumet
Wu Jian
Xom
Yredelemnul

Shops:
D:7 [   D:8 =

Annotations:
D:10 1 transporter, nroviw's ghost, novice HOBe
D:11 not done - boulder beetle
D:12 not done - hydra


Innate Abilities, Weirdness & Mutations

Your life essence is reduced to manifest your ancestor. (-10% HP)
Your natural rate of healing is accelerated.
You have razor-sharp teeth.
You have supernaturally acute eyesight. (SInv)
You are afflicted with vampirism and can become a bat while bloodless.


Message History

A komodo dragon comes into view.
Fire: b) +7 sling of Bankruptcy {flame, rF+ Dex+2}
Press: ? - help, Q - select action, (/) - cycle Shift-Dir - straight line, f/p - centaur warrior
Aim: a centaur warrior, wielding a +0 shortbow (severely wounded, ally target, 78% to hit)
You shoot a sling bullet.
The sling bullet hits the centaur warrior!
The sling bullet burns the centaur warrior.
The centaur warrior is almost dead.
The centaur warrior shoots an arrow.
The arrow barely misses you.
Fire: b) +7 sling of Bankruptcy {flame, rF+ Dex+2}
Press: ? - help, Q - select action, (/) - cycle Shift-Dir - straight line, f/p - centaur warrior
Aim: a centaur warrior, wielding a +0 shortbow (almost dead, ally target, 78% to hit)
You shoot a sling bullet.
The sling bullet hits the wolf spider simulacrum!
The sling bullet melts the wolf spider simulacrum.
The wolf spider simulacrum is moderately damaged.
A wraith comes into view.
Keminub hits the centaur warrior.
Fire: b) +7 sling of Bankruptcy {flame, rF+ Dex+2}
Press: ? - help, Q - select action, (/) - cycle Shift-Dir - straight line, f/p - centaur warrior
Aim: a centaur warrior, wielding a +0 shortbow (almost dead, ally target, 78% to hit)
You shoot a sling bullet.
The sling bullet hits the wolf spider simulacrum!
The sling bullet melts the wolf spider simulacrum!
The wolf spider simulacrum is almost destroyed.
You block the wolf spider simulacrum's attack. x2
Keminub hits the yak.
As you read the scroll of teleportation, it crumbles to dust.
You feel strangely unstable.
The wolf spider simulacrum closely misses you.
The wolf spider simulacrum bites you. The wolf spider simulacrum freezes you!
* * * LOW HITPOINT WARNING * * *
The komodo dragon bites Keminub!
The centaur warrior shoots an arrow.
The arrow hits you but does no damage.
You hear an angry hiss.
The wolf spider simulacrum attacks as you move away!
The wolf spider simulacrum hits you!
* * * LOW HITPOINT WARNING * * *
The wolf spider simulacrum freezes you!!
You die...

....'......................
#####......................
#......................
#......................
#..............".......
#......................
#......................
#......................
#...........@..........
........Z...........
....RYc...........
.......$.........$
..l............
...W...........
...............
...............


You could see the friendly Keminub the ancestor, a centaur warrior (ally
target), a komodo dragon, a yak, a wraith and a wolf spider simulacrum.

Vanquished Creatures
  Gastronok (D:9)
  Harold (D:9)
  2 centaur warriors (D:13)
  2 deep elf pyromancers
  2 cyclopes
  2 manticores
  2 gargoyles
  Joseph (D:7)
  A cane toad (shapeshifter) (D:13)
  An efreet (D:13)
  2 kobold demonologists
  2 unseen horrors
  Psyche (D:9)
  A komodo dragon (D:11)
  A hornet (D:10)
  9 slime creatures
  Sigmund (D:6)
  4 wraiths
  A shadow (D:12)
  5 yaks
  A wyvern (D:9)
  Eustachio (D:5)
  3 vampire mosquitoes (D:10)
  A steam dragon (D:8)
  Edmund (D:5)
  An acid dragon (D:12)
  5 orc warriors
  6 water moccasins
  3 ice beasts
  A black bear (D:11)
  2 ogres
  14 centaurs
  A phantom (D:5)
  2 kobold brigands (D:12)
  2 bullfrogs
  A necrophage (D:7)
  2 scorpions
  A gnoll sergeant (D:9)
  5 wights (D:6)
  15 killer bees
  An electric eel (D:8)
  A howler monkey (D:11)
  A jelly (D:6)
  A gnoll bouda (D:6)
  10 orc priests
  3 hounds
  Ijyb (D:3)
  6 iguanas
  8 orc wizards
  11 gnolls
  11 adders
  A shadow imp (D:5)
  3 white imps
  An adder zombie (D:2)
  An adder skeleton (D:2)
  A worm (D:5)
  4 dart slugs
  33 orcs
  5 bats
  2 bat skeletons (D:2)
  7 endoplasms
  3 giant cockroaches
  8 goblins
  9 hobgoblins
  12 kobolds
  6 quokkas
  4 ball pythons
  4 frilled lizards
  7 rats
275 creatures vanquished.

Vanquished Creatures (collateral kills)
  A cyclops (D:13)
1 creature vanquished.

Vanquished Creatures (others)
  An orc wizard (D:5)
  43 fungi (D:11)
  45 plants (D:11)
  A withered plant (D:2)
90 creatures vanquished.

Grand Total: 366 creatures vanquished

Notes
Turn   | Place    | Note
-------+----------+-------------------------------------------
     0 | D:1      | cdecastro the Vampire Enchanter began the quest for the
                  | Orb.
     0 | D:1      | Reached XP level 1. HP: 13/13 MP: 3/3
   167 | D:1      | Reached skill level 5 in Hexes
   167 | D:1      | Reached XP level 2. HP: 8/19 MP: 5/5
   177 | D:1      | Learned a level 2 spell: Ensorcelled Hibernation
   471 | D:1      | Reached skill level 5 in Stealth
   517 | D:1      | Found a faded altar of an unknown god.
   857 | D:2      | Gained mutation: You are afflicted with vampirism and can
                  | become a bat while bloodless. [Vampire growth]
   857 | D:2      | Reached XP level 3. HP: 21/24 MP: 6/6
   884 | D:2      | Identified the +7 sling of Bankruptcy {flame, rF+ Dex+2}
  1452 | D:3      | Reached skill level 1 in Ranged Weapons
  1474 | D:3      | Reached XP level 4. HP: 19/30 MP: 7/7
  1595 | D:3      | Noticed Ijyb
  1600 | D:3      | Killed Ijyb
  1601 | D:3      | Reached skill level 2 in Ranged Weapons
  1732 | D:3      | Got the Grimoire of Glaciation and Exhumation
  2079 | D:4      | Reached XP level 5. HP: 33/35 MP: 8/8
  2117 | D:4      | Reached skill level 3 in Ranged Weapons
  2608 | D:4      | Reached skill level 4 in Ranged Weapons
  2608 | D:4      | Reached XP level 6. HP: 41/41 MP: 9/9
  2850 | D:5      | Entered Level 5 of the Dungeon
  3046 | D:5      | Reached skill level 5 in Ranged Weapons
  3099 | D:5      | Noticed Eustachio
  3100 | D:5      | Reached XP level 7. HP: 46/46 MP: 10/10
  3448 | D:5      | Identified the +0 robe of Bedevilment {Regen+ Str+6 Dex-4}
  3499 | D:5      | Noticed Edmund
  3505 | D:5      | Killed Edmund
  3506 | D:5      | Reached skill level 6 in Ranged Weapons
  3885 | D:6      | Reached skill level 7 in Ranged Weapons
  3906 | D:6      | Reached XP level 8. HP: 52/52 MP: 11/11
  3977 | D:6      | Reached skill level 8 in Ranged Weapons
  4076 | D:6      | Found a sparkling altar of Nemelex Xobeh.
  4176 | D:6      | Found a bloodstained altar of Trog.
  4188 | D:6      | Noticed Sigmund
  4232 | D:6      | Killed Sigmund
  4343 | D:6      | Reached skill level 9 in Ranged Weapons
  4432 | D:6      | Identified the +3 leather armour of the Leaf {Stlth+}
  4888 | D:6      | Found a staircase to the Ecumenical Temple.
  5058 | D:7      | Noticed Joseph
  5353 | D:7      | Reached XP level 9. HP: 57/57 MP: 12/12
  5507 | D:7      | Found Noajer's Antique Armour Emporium.
  5606 | D:7      | Killed Joseph
  5607 | D:7      | Reached skill level 10 in Ranged Weapons
  6095 | D:8      | Found Sagid's Jewellery Shop.
  6433 | D:8      | Found a transporter.
  6449 | D:8      | Found a transporter.
  6455 | D:8      | Found a transporter.
  6686 | D:8      | Found a transporter.
  6922 | D:9      | Reached skill level 11 in Ranged Weapons
  6926 | D:9      | Noticed Harold
  7019 | D:9      | Killed Harold
  7020 | D:9      | Reached XP level 10. HP: 24/63 MP: 3/13
  7259 | D:9      | Reached skill level 12 in Ranged Weapons
  7454 | D:9      | Noticed a sun demon
  7522 | D:9      | Noticed Psyche
  7528 | D:9      | Killed Psyche
  7635 | D:9      | Noticed Gastronok
  7721 | D:8      | Reached skill level 13 in Ranged Weapons
  8002 | D:10     | Entered Level 10 of the Dungeon
  8115 | D:10     | Noticed a deep elf pyromancer
  8121 | D:10     | Killed a deep elf pyromancer
  8292 | D:10     | Paralysed by a hornet for 1 turns
  8297 | D:10     | Reached XP level 11. HP: 55/68 MP: 12/14
  8518 | D:10     | Identified the ring "Deov" {rF+ Int+3}
  8745 | D:10     | Noticed nroviw's ghost (novice HOBe)
  8745 | D:10     | Noticed a two-headed ogre
  8745 | D:10     | Noticed a two-headed ogre
  8748 | D:10     | Found a transporter.
  8748 | D:10     | Identified the +9 dire flail of Contradiction {pain, SInv}
  8748 | D:10     | Noticed a two-headed ogre
  8748 | D:10     | Noticed a two-headed ogre
  9090 | D:11     | Reached skill level 14 in Ranged Weapons
  9090 | D:11     | Reached skill level 1 in Fighting
  9509 | D:11     | Found a staircase to the Lair.
  9728 | D:11     | Reached skill level 5 in Fighting
  9842 | D:11     | Noticed a boulder beetle
 10099 | Temple   | Entered the Ecumenical Temple
 10406 | Temple   | Became a worshipper of Hepliaklqana the Forgotten
 10654 | D:5      | Killed Eustachio
 10772 | D:9      | Killed Gastronok
 10957 | D:12     | Reached skill level 5 in Dodging
 10957 | D:12     | Reached skill level 1 in Armour
 11320 | D:12     | Noticed a six-headed hydra
 11497 | D:13     | Found a shadowy altar of Dithmenos.
 11543 | D:13     | Noticed a centaur warrior
 11556 | D:13     | Killed a centaur warrior
 11673 | D:13     | Reached XP level 12. HP: 69/88 MP: 15/15
 11690 | D:13     | Reached skill level 5 in Armour
 11811 | D:13     | Noticed a centaur warrior
 11905 | D:13     | Killed a centaur warrior
 12131 | D:13     | Reached * piety under Hepliaklqana
 12702 | D:14     | Noticed a centaur warrior
 12712 | D:14     | Slain by a wolf spider simulacrum

Illustrated notes

Levels and vault maps discovered:
D:1:      kilobyte_arrival_exit_the_forest, layout_basic,
          ebering_ecumenical_altar_mist
D:2:      layout_rooms, serial_undead, serial_undead_c, serial_undead_e,
          serial_undead_b, serial_undead_a, serial_undead_e
D:3:      layout_basic, st_stairs_8, uniq_ijyb
D:4:      layout_basic
D:5:      layout_basic, minmay_diced_spiral, uniq_edmund, uniq_eustachio
D:6:      layout_loops_ring, mainiacjoe_overflow_catch_the_wave,
          minmay_temple_entry_poolview, hangedman_decor_opposing,
          minmay_fractal_squares_diagonal_5, uniq_sigmund
D:7:      layout_basic, serial_shops, shop_fountains, uniq_joseph
D:8:      layout_basic, serial_shops, nicolae_shop_advertising_works
          [nicolae_subvault_shop_adworks], nicolae_transporter_circle
D:9:      layout_rooms, uniq_gastronok, uniq_harold, uniq_psyche
D:10:     layout_basic, gammafunk_ghost_smash
D:11:     layout_roguey, due_lair_maze_entry_diamond, erik_orc_4,
          nicolae_shop_unique_rings
D:12:     layout_cave_pods, serial_park_tiny_1
D:13:     layout_loops_ring, grunt_dithmenos_smoke
D:14:     layout_grid_maze, lightli_vaults_fourway_checkpoint,
          minmay_misc_feat_pillars, serial_glass, glass_columns_a,
          glass_columns_b, glass_columns_b, glass_columns_c,
          nicolae_ashenzari_skybound
Temple:   mainiacjoe_temple_cubbyholes

Skill      XL: |  1  2  3  4  5  6  7  8  9 10 11 12 |
---------------+-------------------------------------+-----
Hexes          | 5 6 |  6.0
Stealth        | 5 |  5.2
Ranged Weapons | 1 2 4 5 7 9 11 13 14 | 14.6
Fighting       | 6 |  6.0
Dodging        | 5 |  5.0
Armour         | 4 5 |  5.0
Short Blades   | |  1.1
Spellcasting   | |  2.0

Action                   |  1- 3 |  4- 6 |  7- 9 | 10-12 || total
-------------------------+-------+-------+-------+-------++-------
Melee: Dagger            |    85 |       |       |       ||    85
       Bite              |     8 |       |       |       ||     8
       Punch             |     3 |       |       |       ||     3
       Mace              |       |     2 |       |       ||     2
 Fire: Sling             |    42 |   100 |   277 |   606 ||  1025
  Use: Potion            |       |       |     2 |       ||     2
       Scroll            |       |       |       |    18 ||    18
 Stab: Sleeping          |     6 |       |       |       ||     6
Armor: Robe              |    14 |    15 |    24 |       ||    53
       Ring mail         |       |       |    23 |       ||    23
       Leather armour    |       |       |    17 |   102 ||   119
Dodge: Dodged            |    63 |    15 |   140 |   203 ||   421
Block: Other             |       |       |       |    16 ||    16
       Reflection        |       |       |       |     2 ||     2
